 Dungeon Crawl Stone Soup version 0.21-a0-625-g1119ec1 (webtiles) character file.

1 tidbits the Magician (level 1, 1/17 HPs)
             Began as a Gnoll Wanderer on Dec 24, 2017.
             Quit the game on level 2 of the Dungeon.
             The game lasted 00:01:18 (189 turns).

tidbits the Magician (Gnoll Wanderer)                Turns: 189, Time: 00:01:18

Health: 1/17       AC:  2    Str: 14    XL:     1   Next: 20%
Magic:  6/6        EV: 11    Int: 16    God:
Gold:   43         SH:  0    Dex: 12    Spells: 9/9 levels left

rFire    . . .     SeeInvis .   b - +0 hand crossbow
rCold    . . .     Gourm    .   (no shield)
rNeg     . . .     Faith    .   e - +0 robe
rPois    .         Spirit   .   (no helmet)
rElec    .         Reflect  .   (no cloak)
rCorr    .         Harm     .   (no gloves)
MR       .....                  (no boots)
Stlth    +.........             (no amulet)
HPRegen  0.05/turn              (no ring)
MPRegen  0.10/turn              (no ring)

@: lethally poisoned (1 -> -4), flying
A: distributed training, fangs 1, strong nose
a: no special abilities


You were on level 2 of the Dungeon.
You were not hungry.

You visited 1 branch of the dungeon, and saw 2 of its levels.

You collected 43 gold pieces.

Inventory:

Hand Weapons
 b - a +0 hand crossbow (weapon)
 i - a +0 whip
Missiles
 c - 24 bolts (quivered)
Armour
 e - a +0 robe (worn)
Scrolls
 g - 2 scrolls of magic mapping {unknown}
 h - a scroll of identify {unknown}
Potions
 d - 3 potions of lignification
Books
 a - a book of Minor Magic

   Spells                             Type                      Level
   a - Magic Dart                     Conjuration                  1
   b - Blink                          Translocation                2
   c - Call Imp                       Summoning                    2
   d - Slow                           Hexes                        2
   e - Conjure Flame                  Conjuration/Fire             3
   f - Mephitic Cloud                 Conjuration/Poison/Air       3
Comestibles
 f - 2 rations


   Skills:
 + Level 2.3 Fighting
 + Level 0.0 Short Blades
 + Level 0.0 Long Blades
 + Level 0.0 Axes
 + Level 0.0 Maces & Flails
 + Level 0.0 Polearms
 + Level 0.0 Staves
 + Level 0.0 Slings
 + Level 0.0 Bows
 + Level 4.4 Crossbows
 + Level 2.3 Throwing
 + Level 4.4 Armour
 + Level 0.0 Dodging
 + Level 0.0 Stealth
 + Level 2.3 Shields
 + Level 0.0 Unarmed Combat
 + Level 4.8 Spellcasting
 + Level 0.0 Conjurations
 + Level 0.0 Hexes
 + Level 0.0 Charms
 + Level 0.0 Summonings
 + Level 0.0 Necromancy
 + Level 0.0 Translocations
 + Level 0.0 Transmutations
 + Level 1.9 Fire Magic
 + Level 0.0 Ice Magic
 + Level 0.0 Air Magic
 + Level 0.0 Earth Magic
 + Level 0.0 Poison Magic
 + Level 0.0 Invocations
 + Level 0.0 Evocations


You had 9 spell levels left.
You didn't know any spells.

Dungeon Overview and Level Annotations

Branches:
Dungeon (2/15)

Altars:


Innate Abilities, Weirdness & Mutations

Your experience applies equally to all skills.
You have very sharp teeth.
Your uncanny sense of smell can sniff out nearby items.


Message History

There is an open door here.
Found 12 gold pieces.
d - 3 potions of lignification (gained 2)
You now have 12 gold pieces.
You enter the shallow water.
Moving in this stuff is going to be slow.
A ball python comes into view.
The ball python hisses angrily.
Firing (i - inventory):
c - 29 bolts (quivered)
Press: ? - help, Shift-Dir - straight line, f - ball python
Aim: a ball python You shoot a bolt.
The bolt closely misses the ball python.
Firing (i - inventory):
c - 28 bolts (quivered)
Press: ? - help, Shift-Dir - straight line, f/p - ball python
Aim: a ball python You shoot a bolt.
The bolt hits the ball python!
You kill the ball python!
c - 28 bolts (gained 1)
c - 29 bolts (gained 1)
You open the large door.
A bat comes into view.
The bat hits you but does no damage.
Firing (i - inventory):
c - 29 bolts (quivered)
Press: ? - help, Shift-Dir - straight line, f - bat
Aim: a bat You shoot a bolt.
The bolt completely misses the bat.
The bat hits you but does no damage.
Firing (i - inventory):
c - 28 bolts (quivered)
Press: ? - help, Shift-Dir - straight line, f/p - bat
Aim: a bat You shoot a bolt.
The bolt hits the bat!
You kill the bat!
c - 28 bolts (gained 1)
There is a large open door here.
c - 29 bolts (gained 1)
There is a large open door here.
You open the large door.
There is a large open door here.
Found a stone staircase leading down.
Found a scroll labeled UPEWKY PAUTY.
Found 7 gold pieces.
g - a scroll labeled UPEWKY PAUTY You now have 19 gold pieces (gained 7).
There is a stone staircase leading down here.
You climb downwards.
Found 10 gold pieces.
There is a stone staircase leading up here.
You now have 29 gold pieces (gained 10).
There is a stone staircase leading up here.
Found a ring mail and a scroll labeled GUDORAHAOPH.
h - a scroll labeled GUDORAHAOPH
Found a scroll labeled UPEWKY PAUTY.
Found 14 gold pieces and a ration.
Found 21 sling bullets.
You now have 43 gold pieces (gained 14).
f - 2 rations (gained 1)
g - 2 scrolls labeled UPEWKY PAUTY (gained 1)
You see here 21 sling bullets.
Found a whip.
You see here a whip.
i - a whip
Found an inky potion.
j - an inky potion An adder comes into view.
The adder hisses angrily.
Firing (i - inventory):
c - 29 bolts (quivered)
Press: ? - help, Shift-Dir - straight line, f - adder
Aim: an adder You shoot a bolt.
The bolt closely misses the adder.
Firing (i - inventory):
c - 28 bolts (quivered)
Press: ? - help, Shift-Dir - straight line, f/p - adder
Aim: an adder You shoot a bolt.
The bolt closely misses the adder.
The adder bites you.
Firing (i - inventory):
c - 27 bolts (quivered)
Press: ? - help, Shift-Dir - straight line, f/p - adder
Aim: an adder You shoot a bolt.
The bolt closely misses the adder.
The adder closely misses you. The adder bites you.
You are poisoned.
The adder poisons you!
Firing (i - inventory):
c - 26 bolts (quivered)
Press: ? - help, Shift-Dir - straight line, f/p - adder
Aim: an adder You shoot a bolt.
The bolt barely misses the adder.
You feel sick. The adder bites you.
* * * LOW HITPOINT WARNING * * *
Firing (i - inventory):
c - 25 bolts (quivered)
Press: ? - help, Shift-Dir - straight line, f/p - adder
Aim: an adder You shoot a bolt.
The bolt barely misses the adder.
* * * LOW HITPOINT WARNING * * *
You feel sick. The adder barely misses you. The adder bites you.
* * * LOW HITPOINT WARNING * * *
You aren't carrying any items that you can evoke.
Unknown command.
It was a potion of flight.
You feel very buoyant.
You fly up into the air.
The adder bites you but does no damage.
Are you sure you want to abandon this character and quit the game? (Confirm with "yes".)

#.#
#...........#...
#.#
#.#####.##....###
#.# #.# ##.#.#.##
#.# #.# #......
#.# #.# ##.####
#.#######.## .#
#.....##...## #
#####.#.###.##
#.#.# #.@# #...#
#.S......# #####
##(.......
#(.###..# #..# ..
#..# ∆ #..# #..#


You could see an adder.

Vanquished Creatures
  A ball python (D:1)
  A bat (D:1)
2 creatures vanquished.

Notes
Turn   | Place    | Note
-------+----------+-------------------------------------------
     0 | D:1      | tidbits the Gnoll Wanderer began the quest for the Orb.
     0 | D:1      | tidbits set off with: a book of Minor Magic, a +0 hand crossbow, 29 bolts, a potion of lignification, a +0 robe, a ration
     0 | D:1      | Reached XP level 1. HP: 17/17 MP: 6/6
   187 | D:2      | HP: 1/17 [adder (4)]
   189 | D:2      | Quit the game

Vault maps used:
D:1:      sevenhm_arrival_forest_fort_large_1
D:2:      lemuel_upstairs_altar, first_ration

Action                   || total
-------------------------++-------
 Fire: Hand crossbow     ||     9
  Use: Potion            ||     1
Armor: Robe              ||     3
Dodge: Dodged            ||     2

Table legend:
 A = Spawn XP
 B = Non-spawn XP
 C = Spawn XP percentage of total XP
 D = Spawn monster count
 E = Non-spawn monster count
 F = Spawn count percentage of total count
 G = Total turns spent on level
                    A         B        C        D         E        F      G
               +---------+---------+-------+---------+---------+-------+---------
         Total |       0 |       2 |   0.0 |       0 |       2 |   0.0 |   189
               +---------+---------+-------+---------+---------+-------+---------
           D:1 |       0 |       2 |   0.0 |       0 |       2 |   0.0 |    93
               +---------+---------+-------+---------+---------+-------+---------

Table legend:
 A = Turns spent in this place as a percentage of turns spent in the entire game.
 B = Non-inter-level travel turns spent in this place as a percentage of non-inter-level travel turns spent in the entire game.
 C = Inter-level travel turns spent in this place as a percentage of turns spent in this place.
 D = Turns resting spent in this place as a percentage of non-inter-level travel turns spent in this place.
 E = Turns spent auto-exploring this place as a percentage of non-inter-level travel turns spent in this place.
 F = Non-inter-level travel turns spent in this place divided by the number of levels of this place that you've seen.
                   A       B       C       D       E      F
               +-------+-------+-------+-------+-------+----------------------
         Total | 100.0 | 100.0 |   0.0 |   0.0 |   0.0 |  94.5
       Dungeon | 100.0 | 100.0 |   0.0 |   0.0 |   0.0 |  94.5
               +-------+-------+-------+-------+-------+----------------------

Table legend:
 A = Kills in this place as a percentage of kills in entire the game.
 B = Kills by you in this place as a percentage of kills by you in the entire game.
 C = Kills by friends in this place as a percentage of kills by friends in the entire game.
 D = Other kills in this place as a percentage of other kills in the entire game.
 E = Experience gained in this place as a percentage of experience gained in the entire game.
 F = Experience gained in this place divided by the number of levels of this place that you have seen.
                   A       B       C       D       E      F
               +-------+-------+-------+-------+-------+----------------------
         Total | 100.0 | 100.0 |   N/A |   N/A | 100.0 |   1.0
       Dungeon | 100.0 | 100.0 |   N/A |   N/A | 100.0 |   1.0
               +-------+-------+-------+-------+-------+----------------------

Vault maps used:
D:1:      sevenhm_arrival_forest_fort_large_1
D:2:      lemuel_upstairs_altar, first_ration
